Unix NetHack Version 3.7.0-88 Work-in-progress - last build Aug 21 2023 04:08:40 (b68ccb3e4f8f5dcb83e1e40b1ff56e7dffd4cd28,branch:master). Game began 2023-08-27 19:16:30, ended 2023-09-09 16:43:46. spontiff, neutral male gnomish Healer ############################################################################ #.))..#........#.......*......#....................#.................#....*# #.....#..[*....#..............#............*.......#................)#.....# #..#######..#..#..#..#######..###################..#..#######..[###..#..#### #........#..#.....#..#........#............^...)#........#.....#.....#..(.<# #........#..#.....#..#...)....#........O..[.....#%.......#.....#.....#.....# #######..##########..#..#######..#############..#..#######..####..####..#..# #.....#*.......#.....#..#.....#.'...#.....#.....#..#........#.....#.....#..# #.....#........#.....#..#.....#...[.#...h.#.....#..#........#.....#.....#..# #..#..#######*.#.d####..#[[#..####..#..####..#######..#######..#######..#..# #..#........#..#.....#..#./#........#..#.....#........#.....#..#.....#..#..# #..#c.......#..#.....#..#..#..).....#..#.....#....^...#...*.#..#.....#..#..# #..#.@#######..####..#..#..##########..#..####..#######..#.^#..#..#..####..# #..#........^........#.....#.c.n................#........#......*.#........# #..#.(>J...).........#...^.#...g................#.(......#........#......(.# ############################################################################ Spontiff the Empiric St:18/17 Dx:10 Co:18 In:10 Wi:18 Ch:17 Neutral S:12216 Dlvl:31 $:0 HP:0(148) Pw:25(28) AC:-1 Xp:5/164 T:92369 Latest messages: You sure are noisy. You were wearing an uncursed +1 pair of elven boots. You finish disrobing. What do you want to remove? [AGJ or ?*] A You were wearing an uncursed amulet of reflection. What do you want to remove? [GJ or ?*] = You don't have that object. What do you want to remove? [GJ or ?*] G You were wearing an uncursed ring of levitation (on right hand). You float gently to the floor. What do you want to remove? [J or ?*] J You were wearing an uncursed ring called protection from shapechangers (on left hand). What do you want to use or apply? [cfjkostwxzDT or ?*] f You put 289 gold pieces into the bag called holding. You put an uncursed amulet of reflection into the bag called holding. You put a blessed +1 leather hat into the bag called holding. You put an uncursed thoroughly burnt +1 pair of leather gloves into the bag called holding. You put an uncursed +1 pair of elven boots into the bag called holding. You put an uncursed +3 small shield into the bag called holding. You put an uncursed very burnt +0 robe into the bag called holding. You put a blessed +2 gray dragon scale mail into the bag called holding. You put an uncursed apple into the bag called holding. You put an uncursed food ration into the bag called holding. You put an uncursed tripe ration into the bag called holding. You put an uncursed lizard corpse into the bag called holding. You put an uncursed ring called free action into the bag called holding. You put an uncursed ring called protection from shapechangers into the bag called holding. You put an uncursed ring called slow digestion into the bag called holding. You put an uncursed ring of levitation into the bag called holding. You put an uncursed wand of digging into the bag called holding. You put an uncursed wand of teleportation into the bag called holding. That would be an interesting topological exercise. You put an uncursed key named SMOKY Healing into the bag called holding. You put an uncursed looking glass into the bag called holding. You put an uncursed lamp called oil into the bag called holding. You put an uncursed leash into the bag called holding. You put an uncursed magic whistle into the bag called holding. You put an uncursed stethoscope into the bag called holding. You put an uncursed wet towel named Need Di StTC into the bag called holding. You put a blessed unicorn horn into the bag called holding. You put 2 uncursed black opals into the bag called holding. You put a blessed luckstone into the bag called holding. You put an uncursed touchstone into the bag called holding. What do you want to drop? [f or ?*] f You drop a blessed bag called holding containing 106 items. Not carrying anything. You begin bashing monsters with your bare hands. You hit the cockatrice! You turn to stone... Do you want to see the dungeon overview? [ynq] (y) q Inventory: Not carrying anything. Spontiff the Healer's attributes: Background: You were an Empiric, a level 5 male gnomish Healer. You were neutral, on a mission for Hermes who was opposed by Athena (lawful) and Poseidon (chaotic). You were in Gehennom, on level 31. You entered the dungeon 92369 turns ago. You had 164 experience points, 156 more were needed to attain level 6. Your score was 12216 before end-of-game adjustments. Basics: You had 0 out of 148 hit points. You had 25 out of 28 energy points (spell power). Your armor class was -1. Your wallet was empty. Autopickup was on for '"?!=/' plus thrown, with exceptions. Final Characteristics: Your strength was 18/17 (limit:18/50). Your dexterity was 10 (limit:18). Your constitution was 18 (limit:18). Your intelligence was 10 (limit:19). Your wisdom was 18 (limit:18). Your charisma was 17 (limit:18). Final Status: You were not hungry. You were unencumbered. You were bare handed. You were unskilled in bare handed combat. You were not wearing any armor. Final Attributes: You were the Envoy of Balance. You were piously aligned. You were fire resistant. You were cold resistant. You were sleep resistant. You were shock resistant. You were poison resistant. You saw invisible. You were telepathic. You had infravision. You were invisible to others. You had a large defense bonus (+11). You were warded. You were fast. You were extremely lucky. You are dead. Miscellaneous: You encountered 3 bones levels. Total elapsed playing time was 1 day, 12 hours and 11 minutes. Major events: Turn 1: spontiff the neutral male gnomish Healer entered the dungeon 432: entered the Gnomish Mines 5010: reached Mine Town 10093: entered Sokoban 14850: completed 1st Sokoban level 15473: completed 2nd Sokoban level 15996: completed 3rd Sokoban level 17462: completed 4th Sokoban level 18240: acquired the Sokoban bag of holding 21365: made his first wish - "blessed +2 gray dragon scale mail", got "a gray dragon scale mail" 21501: the Oracle has been killed 23973: Enrobwem, the hardware store proprietor, has been killed 24105: Izchak, the lighting store proprietor, has been killed 25773: found Snickersnee on the floor 28134: acquired the Mines' End luckstone 30382: entered the Bigroom 31656: just blew up his bag of holding 33035: wished for "holy +3 speed boots", got "a pair of riding boots" 39080: Budereyri, the general store proprietor, has been killed 46712: entered Gehennom 49664: stole 1 zorkmid worth of merchandise from Inuvik's general store 54941: performed his first genocide (green slimes) 55149: attained the rank of Empiric (level 3) 58413: bribed Asmodeus with 303 zorkmids for safe passage 81979: became Hermes' Envoy of Balance 81979: was bestowed with Vorpal Blade 85253: bribed Baalzebub with 532 zorkmids for safe passage 88093: Juiblex has been killed 90392: Inuvik, the general store proprietor, has been killed 92369: petrified by a cockatrice Vanquished creatures: Juiblex a purple worm a gray dragon 2 gold dragons a red dragon an orange dragon a black dragon 3 blue dragons a green dragon 2 yellow dragons 17 minotaurs a jabberwock 2 baluchitheria a stone golem 2 Olog-hai 5 pit fiends 5 sandestins 3 hell hounds a displacer beast 2 titanotheres 2 trappers 3 disenchanters 7 vampire leaders 4 shopkeepers the Oracle 2 aligned clerics 4 captains 8 liches 3 water trolls 2 clay golems 7 nurses 5 ice devils 2 frost giants 6 ettins a golden naga 2 black puddings 11 vampires 4 lieutenants a watch captain 56 ghosts a queen bee a mind flayer 7 giant mimics 2 long worms 5 zruties 4 fire giants 9 ogre tyrants 4 ice trolls 2 rock trolls an umber hulk 3 flesh golems 4 elven monarchs 4 doppelgangers 12 hezrous 2 bone devils 4 large mimics 6 wumpuses 2 couatls 9 stalkers 2 air elementals 3 fire elementals 2 earth elementals a hill giant a giant mummy a black naga 7 xorns 10 giant zombies 9 elf-nobles 8 sergeants 2 water demons a barbed devil 4 vrocks 2 salamanders 2 wargs a winter wolf 14 small mimics 6 glass piercers 2 warhorses 2 steam vortices 10 xans 4 ettin mummies 4 ogre leaders 6 quantum mechanics 4 trolls a sasquatch 3 wood golems 7 mariliths a djinni 5 sharks 2 gelatinous cubes 5 pyrolisks a large dog a freezing sphere 6 flaming spheres 5 shocking spheres 4 large cats 5 tigers 8 gargoyles 5 tengu 9 ochre jellies 4 leocrottas 2 energy vortices 2 mountain centaurs 2 stone giants 7 elf mummies 3 human mummies 4 red nagas 2 pythons 5 pit vipers a cobra 28 wraiths 2 carnivorous apes 9 ettin zombies 4 leather golems 10 Grey-elves 53 soldiers 4 watchmen 5 amorous demons 5 horned devils 2 chameleons 3 crocodiles 13 giant beetles 7 quivering blobs 6 cockatrices 18 wolves 6 winter wolf cubs 2 lynxes 3 panthers 8 gremlins 2 spotted jellies 32 leprechauns 4 orc-captains 4 iron piercers a mumak 9 giant spiders 4 scorpions 3 horses 4 ice vortices 8 black lights 10 vampire bats 5 forest centaurs 3 gnome rulers an orc mummy 4 dwarf mummies 2 ogres 7 brown puddings 6 rust monsters 8 owlbears 6 yetis 9 gold golems 4 werewolves 12 Green-elves a piranha 8 giant eels 17 lizards a chickatrice 4 dingoes 5 dogs 6 housecats 5 jaguars 4 dwarf leaders 6 blue jellies 6 white unicorns 2 gray unicorns 2 black unicorns 6 dust vortices 5 ravens 6 plains centaurs 3 Kop Kaptains 3 gnome mummies 8 snakes 3 water moccasins 10 apes 20 human zombies 7 rope golems 16 Woodland-elves 23 soldier ants 7 fire ants 12 bugbears an imp 13 lemures 2 quasits 11 wood nymphs 14 water nymphs 8 mountain nymphs 11 Mordor orcs 19 Uruk-hai 2 orc shamans 17 rock piercers 7 rock moles 9 ponies 10 fog clouds 17 yellow lights 8 shriekers 7 violet fungi 22 gnome leaders 8 gnomish wizards 3 Kop Lieutenants 4 kobold mummies 2 golden naga hatchlings 5 guardian naga hatchlings 14 gray oozes 2 barrow wights 17 elf zombies 5 ghouls 8 straw golems 5 paper golems 5 jellyfish 28 giant ants 7 little dogs 34 floating eyes 10 kittens 29 dwarves 15 homunculi 7 kobold leaders a kobold shaman 48 hill orcs 23 rothes 16 rabid rats 6 centipedes 14 giant bats 11 Kop Sergeants 4 monkeys 24 orc zombies 25 dwarf zombies 8 wererats 9 werejackals 40 iguanas 52 killer bees 24 acid blobs 19 coyotes 8 gas spores 23 hobbits 26 manes 10 large kobolds 22 hobgoblins 40 giant rats 18 cave spiders 14 brown molds 16 yellow molds 7 green molds 8 red molds 28 gnomes 27 Keystone Kops 16 garter snakes 37 gnome zombies 62 geckos 55 jackals 10 foxes 5 kobolds 34 goblins 20 sewer rats 55 grid bugs 12 bats 54 lichens 29 kobold zombies 59 newts 2411 creatures vanquished. Genocided species: green slimes 1 species genocided. Voluntary challenges: You never hit with a wielded weapon. You read items or engraved 92 times. You never engraved Elbereth. You genocided 1 type of monster. You never polymorphed an object. You used 2 wishes. You did not wish for any artifacts. You did not violate any of the special Sokoban rules. Achievements: You entered the Gnomish Mines. You entered a shop. You entered Minetown. You entered a temple. You entered Sokoban. You completed Sokoban. You completed the Gnomish Mines. You entered the Big Room. You entered Gehennom. You attained the rank of Empiric. The Dungeons of Doom: levels 1 to 25 Level 1: "stashlet" Level 2: Stairs down to The Gnomish Mines. Level 3: "Yeenoghu below" Level 4: An untended shop. Level 5: "vault" Level 6: Level 7: Oracle of Delphi. Level 8: Stairs up to Sokoban, level 7. Level 9: Level 10: Level 11: "Polytrap" Level 12: A very big room. Level 13: An altar to Hermes. Final resting place for wendel-Bar-Hum-Mal-Neu, killed by an Elvenqueen. Level 14: Summoned by Hippocrates. Portal to The Quest. Level 15: A primitive area. Level 16: An altar. Level 17: Level 18: Level 19: "Pools" Level 20: Level 21: "Medusa" Level 22: "MEDUSA ABOVE!" Level 23: "magic trap" Level 24: Level 25: The castle. Connection to Gehennom. Gehennom: levels 26 to 45 Level 26: "magic trap" A temple, many graves. Valley of the Dead. Level 27: Level 28: "Asmo;polytraps;magic traps" Level 29: ""oR in lava somewhere" Level 30: Level 31: "polytrap" <- You were here. Final resting place for you, petrified by a cockatrice. Level 32: "Juiblex dispatched" Level 33: Level 34: Level 35: Level 36: "Wiztower Top" Level 37: Level 45: The Gnomish Mines: levels 3 to 10 Level 3: A grave. Final resting place for nabru-Kni-Hum-Fem-Law, killed by a wand. Level 4: Level 5: Level 6: Many shops, a temple to Hermes. Level 7: A grave. Final resting place for wendel-Sam-Hum-Fem-Law, killed by a wolf. Level 8: Level 9: Level 10: The Quest: Level 1: An altar to Hermes. Home. Sokoban: levels 7 up to 4 Level 4: Solved. Level 5: Solved. Level 6: Solved. Level 7: Solved. Game over: ---------- / \ / REST \ / IN \ / PEACE \ / \ | spontiff | | 0 Au | | petrified by a | | cockatrice | | | | | | 2023 | *| * * * | * _________)/\\_//(\/(/\)/\//\/|_)_______ Goodbye spontiff the Healer... You turned to stone in Gehennom on dungeon level 31 with 12216 points, and 0 pieces of gold, after 92369 moves. You were level 5 with a maximum of 148 hit points when you turned to stone.